 Dungeon Crawl Stone Soup version 0.18-a0-822-gb52b7b4 (webtiles) character file.

3831 Duffy the Summoner (level 9, 0/68 HPs)
             Began as a Mummy Summoner on Dec 17, 2015.
             Was a Priest of Sif Muna.
             Slain by a centaur (7 damage)
             ... on level 9 of the Dungeon.
             The game lasted 00:29:56 (12373 turns).

Duffy the Summoner (Mummy Summoner)                Turns: 12373, Time: 00:29:56

Health: 0/68       AC:  9    Str: 13    XL:     9   Next: 98%
Magic:  6/17       EV: 12    Int: 18    God:    Sif Muna [***...]
Gold:   147        SH:  0    Dex: 12    Spells: 4 memorised, 9 levels left

rFire  . . .     SeeInvis .     a - +0 spear
rCold  + . .     Gourm    .     p - +2 robe {MR+}
rNeg   + + +     Faith    .     (no shield)
rPois  ∞         Spirit   .     j - +0 helmet
rElec  .         Dismiss  +     q - +0 cloak
rCorr  .         Reflect  .     n - +0 pair of gloves (curse)
SustAt .         Harm     .     m - +1 pair of boots
MR     ++...                    c - amulet of dismissal
Stlth  ++........               f - +2 ring of strength
                                C - ring of protection from fire

@: very resistant to hostile enchantments, unstealthy
A: no food or potions, fire vulnerability, cold resistance 1, negative energy
resistance 3, torment resistance, unbreathing
a: Channel Energy, Forget Spell, Renounce Religion


You were on level 9 of the Dungeon.
You worshipped Sif Muna.
Sif Muna was most pleased with you.
You were not hungry.

You visited 1 branch of the dungeon, and saw 10 of its levels.

You collected 243 gold pieces.
You spent 96 gold pieces at shops.


Innate Abilities, Weirdness & Mutations

You do not eat or drink.
Your flesh is vulnerable to fire.
You are immune to poison.
Your flesh is cold resistant.
You are immune to negative energy.
You are immune to unholy pain and torment.
You can survive without breathing.


   Skills:
 - Level 5.0 Fighting
 - Level 1.5 Dodging
 - Level 1.5 Stealth
 + Level 5.8 Spellcasting
 * Level 8.9 Summonings
 - Level 3.0 Ice Magic
 - Level 5.0 Invocations


You had 9 spell levels left.
You knew the following spells:

 Your Spells              Type           Power        Failure   Level  Hunger
i - Call Imp              Summ           #####...     1%          2    N/A
j - Summon Small Mammal   Summ           ####         1%          1    N/A
l - Summon Ice Beast      Ice/Summ       ####....     14%         4    N/A
n - Call Canine Familiar  Summ           #####...     1%          3    N/A

Inventory:

Hand Weapons
 a - a +0 spear (weapon)
 w - a +0 blowgun
Missiles
 e - 298 stones (quivered)
 l - 51 poisoned needles
Armour
 j - a +0 helmet (worn)
 m - a +1 pair of boots (worn)
 n - a cursed +0 pair of gloves (worn)
 p - a +2 robe of magic resistance (worn)
 q - a +0 cloak (worn)
 r - a +2 leather armour of magic resistance
 D - a troll hide
Jewellery
 c - an amulet of dismissal (around neck)
 f - a +2 ring of strength (right hand)
 B - an uncursed ring of ice
 C - a ring of protection from fire (left hand)
Wands
 s - a wand of confusion (10)
 x - a wand of cold (8)
Scrolls
 d - 5 scrolls of remove curse
 g - a scroll of blinking
 h - 4 scrolls of recharging
 i - 4 scrolls of teleportation
 k - 3 scrolls of amnesia
 u - a scroll of summoning
 v - 2 scrolls of enchant weapon
 y - 2 scrolls of fog
 z - a scroll of magic mapping
 A - 3 scrolls of identify
Books
 b - a book of Callings
 o - a book of Death
 t - a book of Power

Dungeon Overview and Level Annotations

Branches:
Dungeon (10/15)            Temple (0/1) D:5
   Lair: D:8-11         Orc: D:9-12

Altars:
Cheibriados
Kikubaaqudgha
Okawaru
Sif Muna
Xom

Shops:
D:7 }   D:8 *

Annotations:
D:3 exclusion: door
D:10 Maurice


Message History

Attack whom?
Press: ? - help, Dir - move target cursor, f - centaur
Aim: a centaur You hit the centaur.
The centaur is lightly wounded.
The centaur hits you. The hound barely misses you. The centaur hits you.
Your ice beast completely misses the hound.
Your ice beast hits the centaur but does no damage.
The hound bites you but does no damage.
Your ice beast completely misses the hound.
Attack whom?
Press: ? - help, Dir - move target cursor, f/p - centaur
Aim: a centaur (lightly wounded)
You hit the centaur.
The centaur is lightly wounded.
The centaur barely misses you. The hound misses you.
Your ice beast barely misses the centaur.
Your ice beast hits the hound.
Your ice beast freezes the hound!
Your ice beast barely misses the hound.
The centaur misses you.
Attack whom?
Press: ? - help, Dir - move target cursor, f/p - centaur
Aim: a centaur (lightly wounded)
You completely miss the centaur.
The centaur is lightly wounded.
The hound bites you. The centaur barely misses you.
The hound barely misses you.
Your ice beast hits the centaur.
Your ice beast freezes the centaur!
Your ice beast hits the hound but does no damage. x2
Attack whom?
Press: ? - help, Dir - move target cursor, f/p - centaur
Aim: a centaur (heavily wounded)
You closely miss the centaur.
The centaur is heavily wounded.
The centaur hits you!
You die...

.# #.#.# #.####.# #.# .####
#.#.# #.# #.###.# ....#
#.#.# ###.####.....# ..#.#
#.#.# #......)....## ..#.##
#.#.# #.#.####..#.# (....#
#.#.###.#.# #..#.#
.....#####.......Y[####..#.#
.!.#............c........#.#
...#<#######.##.@h#..##.##.#
.....# #....(YY..##.##.#
.###.## ####>..#.###.##.# ##
##.# ##.##.###.##.# # #.#
#...........# ## ##.#
#.##.######## .###.##
#.##.######## ...(##
#.##(..TY.z.# .#.##
#!#########.#


You could see a centaur, a hound and 3 friendly ice beasts.

Action                   |  1- 3 |  4- 6 |  7- 9 || total
-------------------------+-------+-------+-------++-------
Melee: Dagger            |   162 |    60 |       ||   222
       Spear             |       |    78 |    90 ||   168
Throw: Stone             |       |     2 |    10 ||    12
 Cast: Summon Small Mamm |    23 |       |       ||    23
       Call Imp          |    12 |    43 |     7 ||    62
       Call Canine Famil |     2 |    28 |    37 ||    67
       Summon Ice Beast  |       |     1 |   176 ||   177
Invok: Channel Energy    |       |     8 |   440 ||   448
  Use: Scroll            |       |       |     8 ||     8
 Stab: Sleeping          |     6 |     1 |     1 ||     8
       Distracted        |     1 |     5 |     2 ||     8

Notes
Turn   | Place    | Note
--------------------------------------------------------------
     0 | D:1      | Duffy the Mummy Summoner began the quest for the Orb.
     0 | D:1      | Reached XP level 1. HP: 13/13 MP: 3/3
   272 | D:2      | Found a snail-covered altar of Cheibriados.
   775 | D:2      | Reached XP level 2. HP: 7/19 MP: 1/5
   979 | D:2      | Learned a level 2 spell: Call Imp
  1526 | D:1      | Reached XP level 3. HP: 22/24 MP: 7/7
  1531 | D:1      | Learned a level 3 spell: Call Canine Familiar
  2669 | D:2      | Noticed Natasha
  2676 | D:2      | Killed Natasha
  2676 | D:2      | Reached skill level 4 in Summonings
  2785 | D:2      | Reached skill level 3 in Spellcasting
  3108 | D:2      | Reached XP level 4. HP: 27/30 MP: 1/8
  3198 | D:3      | Noticed Ijyb
  3218 | D:3      | Killed Ijyb
  3326 | D:3      | Found a deep blue altar of Sif Muna.
  3330 | D:3      | Became a worshipper of Sif Muna the Loreminder
  4292 | D:3      | Noticed Jessica
  4301 | D:3      | Killed Jessica
  4640 | D:4      | Reached XP level 5. HP: 31/35 MP: 2/10
  4711 | D:4      | Learned a level 4 spell: Summon Ice Beast
  4890 | D:4      | Noticed an ogre
  4900 | D:4      | Killed an ogre
  4900 | D:4      | Reached skill level 1 in Ice Magic
  5063 | D:4      | Reached XP level 6. HP: 41/41 MP: 5/11
  5287 | D:4      | Reached skill level 5 in Summonings
  5409 | D:4      | Reached skill level 2 in Ice Magic
  5624 | D:4      | Reached * piety under Sif Muna
  5846 | D:4      | Reached skill level 1 in Invocations
  5959 | D:5      | Entered Level 5 of the Dungeon
  5959 | D:5      | Noticed Blork the orc
  5970 | D:5      | Killed Blork the orc
  6280 | D:5      | Reached XP level 7. HP: 31/46 MP: 8/12
  6408 | D:5      | Reached skill level 3 in Ice Magic
  6412 | D:5      | Noticed Eustachio
  6466 | D:5      | Killed Eustachio
  6466 | D:5      | Reached skill level 4 in Spellcasting
  6466 | D:5      | Reached skill level 2 in Invocations
  6607 | D:5      | Found a staircase to the Ecumenical Temple.
  7098 | D:6      | Noticed Dowan
  7110 | D:6      | Noticed Duvessa
  7117 | D:6      | Killed Dowan
  7125 | D:6      | Killed Duvessa
  7214 | D:6      | Noticed Grinder
  7257 | D:6      | Killed Grinder
  7257 | D:6      | Reached skill level 3 in Invocations
  7603 | D:6      | Reached XP level 8. HP: 52/52 MP: 14/14
  7672 | D:7      | Noticed WhatIsLove's ghost (novice DgGl)
  7714 | D:7      | Found Not Vynosi's Gadget Emporium.
  7865 | D:7      | Reached skill level 6 in Summonings
  7927 | D:7      | Killed WhatIsLove's ghost
  7927 | D:7      | Reached ** piety under Sif Muna
  8044 | D:7      | Reached skill level 4 in Invocations
  8222 | D:7      | Reached skill level 5 in Spellcasting
  8817 | D:8      | Reached skill level 7 in Summonings
  8906 | D:8      | Found an iron altar of Okawaru.
  9064 | D:8      | Reached skill level 5 in Invocations
  9138 | D:8      | Reached XP level 9. HP: 54/58 MP: 11/16
  9219 | D:9      | Reached skill level 1 in Fighting
  9711 | D:8      | Reached skill level 2 in Fighting
  9987 | D:8      | Found Xageiq's General Store.
  9993 | D:8      | Bought a scroll of identify for 24 gold pieces
  9993 | D:8      | Bought a scroll of fog for 24 gold pieces
  9993 | D:8      | Bought a scroll of identify for 24 gold pieces
  9993 | D:8      | Bought a scroll of identify for 24 gold pieces
 10724 | D:9      | Reached skill level 3 in Fighting
 10762 | D:9      | Found a shimmering altar of Xom.
 11043 | D:9      | Reached *** piety under Sif Muna
 11043 | D:9      | Reached skill level 8 in Summonings
 11188 | D:9      | Reached skill level 4 in Fighting
 11638 | D:10     | Entered Level 10 of the Dungeon
 11638 | D:10     | Noticed a centaur zombie
 11666 | D:10     | Found an ancient bone altar of Kikubaaqudgha.
 11671 | D:10     | Noticed Maurice
 11688 | D:10     | Noticed a centaur zombie
 11698 | D:10     | Reached skill level 5 in Fighting
 11701 | D:10     | Noticed a centaur zombie
 11959 | D:10     | Killed a centaur zombie
 12079 | D:10     | Killed a centaur zombie
 12086 | D:10     | Killed a centaur zombie
 12373 | D:9      | Slain by a centaur

Vault maps used:
D:1:      dpeg_arrival_rooms_a, serial_bayou_lake_a
D:2:      cheibriados_altar_1, hangedman_decor_riveting,
          kennysheep_pointless_box, uniq_natasha
D:3:      minmay_misc_feat_cross, minmay_misc_feat_four_crosses, led_sif_book,
          uniq_jessica, uniq_iyjb
D:5:      minmay_temple_entry_hall, first_bread, uniq_blork_the_orc,
          uniq_eustachio
D:6:      uniq_grinder, uniq_duvessa
D:7:      serial_shops, shop
D:8:      serial_shops, shop_coins, basic_altar
D:9:      nicolae_overflow_crystal_walls
D:10:     erik_lair_orcish_takeover, serial_undead, serial_undead_e,
          serial_undead_a, serial_undead_f, serial_undead_d, serial_undead_a,
          serial_undead_d, serial_undead_c, serial_undead_a, serial_undead_c,
          serial_undead_d, basic_altar, hangedman_tree_tricks, uniq_urug,
          uniq_maurice, uniq_harold

Vanquished Creatures
  The ghost of WhatIsLove the Skirmisher, a novice DgGl
  3 trolls Grinder Eustachio
  2 wyverns
  2 hippogriffs Duvessa
  5 ogres
  A black bear
  4 necrophages
  4 phantoms
  3 orc warriors
  An ice beast
  A centaur Blork the orc
  5 giant frogs
  A wyvern zombie
  2 scorpions Dowan
  7 hounds
  2 crimson imps
  9 wights
  A giant frog zombie
  4 centaur zombies
  A quasit
  A jelly
  7 orc wizards
  2 giant frog skeletons
  6 orc priests Jessica Ijyb Natasha
  2 iguanas
  6 worker ants
  A killer bee zombie
  2 hound zombies
  2 hound skeletons
  A mummy
  8 adders
  A gnoll
  2 worker ant zombies
  An ooze
  4 worms
  3 giant geckos
  45 orcs
  7 bats
  8 goblins
  12 hobgoblins
  3 jackals
  2 quokkas
  3 ball pythons
  5 giant cockroaches
  A giant gecko skeleton
  A giant newt
  10 kobolds
  7 rats
220 creatures vanquished.
